AoeStats
← Mike Dyson Jr

Socotra

504176592Analyzed
2v2 RM · 26d ago on Sep 4, 2026· 12m 48s· 4 players
Game mode
Random Map
Map size
Tiny (2 player)
Population
200
Speed
Normal
Resources
Standard
Victory
Conquest
Starting age
Dark Age
Ending age
Imperial Age
RankedLock teamsTeams togetherTeam positionsShared explorationLock speedFull tech treeHidden civsTurbo modeCheats
Victory
Defeat
🇨🇴 Goths · Colombia
1497
+10
🇹🇷 Celts · Türkiye
1335
+17
🇳🇿 Japanese · New Zealand
1380
-14
🇳🇿 Burmese · New Zealand
1348
-13
Mike Dyson Jr
7:35 Loom
10:45 Feudal Age
Xлеб
6:30 Loom
9:24 Feudal Age
9:29 Man-at-Arms
Jack_el_Guapo
1:04 Loom
9:53 Feudal Age
9:57 Man-at-Arms
11:13 Double-Bit Axe
El Sobeks
6:41 Loom
9:43 Feudal Age
10:47 Double-Bit Axe
10:54 Man-at-Arms
Connection lost

Rejoining the realm…

Still unreachable

The connection could not be restored.

Session expired

The server has moved on; the page needs a fresh start.